 Dungeon Crawl Stone Soup version 0.26-a0-663-g36e8fdb655 (webtiles) character file.

Game seed: 2386183471301223756

2954 zazu2006 the Sneak (level 9, -3/74 HPs)
             Began as a Naga Hedge Wizard on Oct 10, 2020.
             Was a Follower of Vehumet.
             Slain by an orc warrior
             ... wielding a +0 war axe
              (20 damage)
             ... in a bailey.
             The game lasted 00:20:46 (9618 turns).

zazu2006 the Sneak (Naga Hedge Wizard)              Turns: 9618, Time: 00:20:46

Health: -3/74      AC:  7    Str: 13    XL:     9   Next: 81%
Magic:  8/17       EV: 14    Int: 17    God:    Vehumet [*.....]
Gold:   293        SH:  0    Dex: 11    Spells: 10/19 levels left

rFire    . . .     SeeInvis +   v - +0 falchion
rCold    . . .     Faith    .   (no shield)
rNeg     . . .     Spirit   .   F - +0 leather armour {MR+}
rPois    +         Reflect  .   c - +0 hat
rElec    .         Harm     .   u - +0 cloak
rCorr    +         Rampage  .   D - +0 pair of gloves
MR       ++...                  (no barding)
Stlth    +++.......             (no amulet)
HPRegen  0.22/turn              w - ring of resist corrosion
MPRegen  0.15/turn              q - +4 ring of evasion

@: short of breath, very slow
A: large, see invisible, deformed body, poison resistance, slowness 2, spit
poison 1, AC +3
a: Spit Poison, Renounce Religion


You were in a bailey.
You worshipped Vehumet.
Vehumet was aware of your devotion.
You visited 2 branches of the dungeon, and saw 8 of its levels.
You also visited: Bailey.

You collected 293 gold pieces.

Inventory:

Hand Weapons
 a - a +0 dagger
 v - a +0 falchion (weapon)
Armour
 c - a +0 hat (worn)
 u - a +0 cloak (worn)
 D - a +0 pair of gloves (worn)
 F - a +0 leather armour of magic resistance (worn)
Jewellery
 l - an uncursed ring of positive energy
 p - an uncursed ring of positive energy
 q - a +4 ring of evasion (right hand)
 w - a ring of resist corrosion (left hand)
Wands
 B - a wand of acid (10)
 G - a wand of paralysis (13)
Scrolls
 d - 4 scrolls of remove curse
 f - 3 scrolls of magic mapping
 i - a scroll of noise {unknown}
 k - 4 scrolls of identify
 n - 2 scrolls of fear {unknown}
 o - 2 scrolls of blinking {unknown}
 r - 2 scrolls of random uselessness {unknown}
 s - a scroll of amnesia {unknown}
 t - a scroll of teleportation {unknown}
 x - a scroll of enchant weapon {unknown}
 y - a scroll of fog {unknown}
Potions
 b - a potion of heal wounds
 e - a potion of flight
 g - 2 potions of brilliance
 h - 2 potions of curing {unknown}
 j - 3 potions of might {unknown}
 m - a potion of invisibility {unknown}
 z - 2 potions of lignification {unknown}
 A - a potion of stabbing {unknown}
 C - a potion of cancellation {unknown}
 E - a potion of ambrosia {unknown}
 H - 2 potions of berserk rage {unknown}


   Skills:
 + Level 2.9 Fighting
 - Level 0.3(3.0) Short Blades
 + Level 5.0 Long Blades
 + Level 3.3 Armour
 + Level 3.5 Dodging
 + Level 7.0 Stealth
 + Level 5.7 Spellcasting
 + Level 4.5 Conjurations
   Level 1.0 Summonings
 + Level 1.0 Translocations
 + Level 2.1 Air Magic
 + Level 6.9 Poison Magic
 + Level 0.6 Evocations


You had 10 spell levels left.
You knew the following spells:

 Your Spells              Type           Power        Failure   Level
a - Magic Dart            Conj           ###.         2%          1
b - Mephitic Cloud        Conj/Pois/Air  ###.....     8%          3
c - Conjure Flame         Conj/Fire      ##......     21%         3
d - Blink                 Tloc           N/A          17%         2

Your spell library contained the following spells:

 Spells                   Type           Power        Failure   Level
 Shock                    Conj/Air       ###.         4%          1
 Corona                   Hex            #......      17%         1
 Call Imp                 Summ           #.......     17%         2
 Dazzling Flash           Conj/Hex       ##....       21%         3
 Ensorcelled Hibernation  Hex/Ice        #.....       26%         2
 Slow                     Hex            #.......     26%         2
 Confusing Touch          Hex            #.......     45%         3
 Tukima's Dance           Hex            #.......     45%         3


Dungeon Overview and Level Annotations

Branches:
Dungeon (7/15)             Temple (1/1) D:4          Bailey (1/1)

Altars:
Cheibriados
Dithmenos
Elyvilon
Qazlal
Ru
Trog
Vehumet
Yredelemnul
The Shining One

Annotations:
D:5 5 runed translucent doors


Innate Abilities, Weirdness & Mutations

You cannot wear boots.
Your serpentine skin is tough. (AC +3)
You have supernaturally acute eyesight. (SInv)
Armour fits poorly on your strangely shaped body.
Your system is resistant to poisons. (rPois)
You cover ground very slowly.
You can spit poison.


Message History

The orc warrior is heavily wounded.
The orc warrior is engulfed in noxious fumes.
The orc warrior appears confused.
The orc warrior hits you with a +0 war axe!
* * * LOW HITPOINT WARNING * * *
Unknown command.
Casting: Mephitic Cloud (dangerous; 8% risk of failure)
Confirm with . or Enter, or press ? or * to list all spells.
Aiming: Mephitic Cloud (dangerous; 8% risk of failure)
Press: ? - help, Shift-Dir - straight line, f/p - orc warrior
Aim: an orc warrior, wielding a +0 war axe and wearing a +0 ring mail (severely wounded)
The ball explodes into a vile cloud!
The stinking cloud engulfs the orc warrior but does no damage.
The orc warrior is severely wounded.
The stinking cloud engulfs you but does no damage.
The orc warrior is engulfed in noxious fumes.
The orc warrior appears confused.
The orc warrior is engulfed in noxious fumes.
The orc warrior hits you with a +0 war axe!!
You die...

#.....#.....#))...#
####.)#).⌠..#..####
#..'))...'..#
#..'.)...'..#
#####'''#####
#....°○o....#
######≈≈≈≈.o§≈≈≈≈######
≈≈≈≈≈≈≈≈≈≈☼o☼≈≈≈≈≈≈≈≈≈≈
≈≈≈≈≈≈≈≈≈≈§@.≈≈≈≈≈≈≈≈≈≈
≈≈≈≈≈≈≈≈≈≈.))≈≈≈≈≈≈≈≈≈≈
≈≈≈≈≈≈≈≈≈≈.).≈≈≈≈≈≈≈≈≈≈
≈≈≈≈≈≈≈.........≈≈≈≈≈≈≈
########....)..########
#..)....# #.......#
#.).∩...# #.......#


You could see 3 orc warriors.

Vanquished Creatures
  2 kobold demonologists (Bailey)
  Edmund (D:4)
  8 orc warriors
  3 sky beasts
  5 ogres
  3 bullfrogs
  2 scorpions
  A centaur zombie (D:6)
  An orc priest (D:7)
  4 hounds
  Crazy Yiuf (D:3)
  A bullfrog skeleton (D:6)
  An iguana (D:7)
  2 orc wizards
  3 worker ants
  A hound skeleton (D:4)
  5 gnolls
  9 adders
  3 white imps (D:6)
  An ufetubus (D:6)
  An adder skeleton (D:6)
  3 worms
  5 dart slugs
  4 leopard geckos
  14 orcs
  2 ball pythons (D:1)
  8 giant cockroaches
  19 goblins
  16 hobgoblins
  12 jackals
  2 kobolds
  2 quokkas
  5 bats
  4 frilled lizards
  3 quokka skeletons
  8 rats
165 creatures vanquished.

Notes
Turn   | Place    | Note
-------+----------+-------------------------------------------
     0 | D:1      | zazu2006 the Naga Hedge Wizard began the quest for the Orb.
     0 | D:1      | Reached XP level 1. HP: 15/15 MP: 4/4
   134 | D:1      | Reached XP level 2. HP: 22/22 MP: 1/6
   435 | D:1      | Reached XP level 3. HP: 28/28 MP: 5/8
  1706 | D:1      | Learned a level 3 spell: Mephitic Cloud
  1710 | D:1      | Learned a level 3 spell: Conjure Flame
  1713 | D:1      | Learned a level 2 spell: Blink
  1847 | D:2      | Reached XP level 4. HP: 22/36 MP: 2/10
  3311 | D:3      | Reached XP level 5. HP: 38/42 MP: 1/11
  3632 | D:3      | Found a runed translucent door.
  3633 | D:3      | Noticed Crazy Yiuf
  3759 | D:3      | Reached skill level 1 in Armour
  4471 | D:3      | Killed Crazy Yiuf
  4722 | D:4      | Noticed an ogre
  4737 | D:4      | Killed an ogre
  4737 | D:4      | Reached skill level 1 in Poison Magic
  4737 | D:4      | Reached XP level 6. HP: 50/50 MP: 7/13
  5103 | D:4      | Found a staircase to the Ecumenical Temple.
  5375 | D:4      | Found a bloodstained altar of Trog.
  5381 | D:4      | Noticed Edmund
  5428 | D:4      | Killed Edmund
  5428 | D:4      | Reached skill level 1 in Long Blades
  5428 | D:4      | Reached skill level 4 in Stealth
  5428 | D:4      | Reached XP level 7. HP: 31/56 MP: 1/14
  5710 | D:4      | Reached skill level 1 in Fighting
  5999 | D:4      | Reached skill level 5 in Spellcasting
  6199 | D:5      | Entered Level 5 of the Dungeon
  6238 | D:5      | Reached skill level 1 in Air Magic
  6728 | D:5      | Noticed a soldier ant
  6732 | D:5      | Found a runed translucent gate.
  6734 | D:5      | Found the +9 staff of Olgreb {rPois∞}
  6737 | D:5      | Found a runed translucent door.
  6753 | D:5      | Found a runed translucent door.
  6757 | D:5      | Noticed a soldier ant
  6757 | D:5      | Noticed a soldier ant
  6758 | D:5      | Found a runed translucent gate.
  6758 | D:5      | Noticed a soldier ant
  6758 | D:5      | Noticed a soldier ant
  6761 | D:5      | Found a runed translucent gate.
  6798 | D:5      | Reached XP level 8. HP: 46/64 MP: 11/15
  7117 | D:5      | Reached skill level 5 in Stealth
  7485 | Temple   | Entered the Ecumenical Temple
  7548 | Temple   | Became a worshipper of Vehumet
  7886 | D:6      | Reached skill level 5 in Poison Magic
  8746 | D:7      | Reached * piety under Vehumet
  8746 | D:7      | Offered knowledge of Shock by Vehumet.
  8746 | D:7      | Reached XP level 9. HP: 71/73 MP: 12/16
  8778 | D:7      | Found a flagged portal.
  8787 | Bailey   | Entered a bailey
  8890 | Bailey   | Reached skill level 6 in Stealth
  8992 | Bailey   | Noticed a kobold demonologist
  8997 | Bailey   | Noticed a kobold demonologist
  9002 | Bailey   | Noticed a hellwing
  9005 | Bailey   | Noticed an ice devil
  9007 | Bailey   | HP: 1/74 [white imp/puff of frost[a kobold demonologist]
                  | (4)]
  9008 | Bailey   | Killed a kobold demonologist
  9011 | Bailey   | Killed a kobold demonologist
  9378 | Bailey   | Found an iron altar of Okawaru.
  9603 | Bailey   | Reached skill level 5 in Long Blades
  9603 | Bailey   | Reached skill level 7 in Stealth
  9618 | Bailey   | Slain by an orc warrior

Illustrated notes

Levels and vault maps discovered:
D:1:      lightli_arrival_flooded_house, layout_loops_corners, minivault_23
D:2:      layout_rooms
D:3:      layout_loops_ring, uniq_crazy_yiuf_cottage
D:4:      layout_basic, minmay_temple_entry_from_below_b, trog_book, uniq_edmund
D:5:      layout_cave_pools, serial_rivers, chequers_serial_rivers_micro_c,
          chequers_serial_rivers_micro_c, chequers_serial_rivers_micro_a,
          chequers_serial_rivers_micro_c, chequers_serial_rivers_large_b,
          minmay_guarded_unrand_staff_of_olgreb
D:6:      layout_gridville
D:7:      layout_cave_pods, overflow_temple_1_default,
          gammafunk_temple_overflow_wave, enter_bailey_6, serial_shops,
          kennysheep_mini
Temple:   eino_temple_scatter_basement
Bailey:   bailey_axe_of_yendor_kennysheep, bailey

Skill      XL: |  1  2  3  4  5  6  7  8  9 |
---------------+----------------------------+-----
Spellcasting   | 4 5 |  5.7
Armour         | 1 2 3 |  3.3
Dodging        | 2 3 |  3.5
Conjurations   | 2 3 4 |  4.5
Poison Magic   | 1 2 4 5 6 |  6.9
Long Blades    | 1 2 4 5 |  5.0
Stealth        | 4 5 7 |  7.0
Fighting       | 1 2 |  2.9
Air Magic      | 1 2 |  2.1
Short Blades   | |  0.3
Summonings     | |  1.0
Translocations | |  1.0
Evocations     | |  0.6

Action                   |  1- 3 |  4- 6 |  7- 9 || total
-------------------------+-------+-------+-------++-------
Melee: Dagger            |     7 |    28 |       ||    35
       Falchion          |       |    53 |   273 ||   326
 Cast: Magic Dart        |    85 |   122 |    53 ||   260
       Mephitic Cloud    |       |     4 |    29 ||    33
       Blink             |       |       |     1 ||     1
 Abil: Spit Poison       |    15 |    33 |    34 ||    82
Evoke: Wand              |       |       |     7 ||     7
  Use: Scroll            |     2 |       |       ||     2
       Potion            |       |     3 |       ||     3
 Stab: Confused          |       |     1 |    22 ||    23
       Sleeping          |       |       |     1 ||     1
Armor: Leather armour    |     3 |    25 |    52 ||    80
Dodge: Dodged            |    15 |   106 |   240 ||   361
       Rpst.: Falchion   |       |    22 |    79 ||   101

Table legend: (Time is in decaauts)
 A = Elapsed time spent in this place.
 B = Non-inter-level travel time spent in this place.
 C = Inter-level travel time spent in this place.
 D = Time resting spent in this place.
 E = Time spent auto-exploring this place.
 F = Levels seen in this place.
 G = Mean time per level.
                   A        B        C        D        E       F      G
               +--------+--------+--------+--------+--------+-----+--------+
         Total |  11244 |  10983 |    261 |   1138 |   7909 |   9 | 1249.3 |
       Dungeon |  10245 |  10002 |    243 |    645 |   7722 |   7 | 1463.6 |
        Temple |    106 |     89 |     17 |      0 |     63 |   1 |  106.0 |
        Bailey |    892 |    892 |      0 |    493 |    124 |   1 |  892.0 |
               +--------+--------+--------+--------+--------+-----+--------+

Top non-repeatable levels by time:
     D:1: 2254 daAuts
     D:4: 1806 daAuts
     D:3: 1750 daAuts
     D:5: 1601 daAuts
     D:2: 1435 daAuts
     D:6: 1268 daAuts
  Bailey: 892 daAuts
     D:7: 128 daAuts
  Temple: 106 daAuts
